AoeStats
← muelaluis19

Arabia

510483674Analyzed
2v2 RM · 14h ago on Oct 1, 2026· 38m 46s· 4 players
Game mode
Random Map
Map size
Medium (4 player)
Population
200
Speed
Normal
Resources
Standard
Victory
Conquest
Starting age
Dark Age
Ending age
Imperial Age
RankedLock teamsTeams togetherTeam positionsShared explorationLock speedFull tech treeHidden civsTurbo modeCheats
Victory
Defeat
707
+29
🇨🇳 Teutons · China
707
+31
🇲🇽 Georgians · Mexico
725
-17
🇵🇪 Bulgarians · Peru
714
-16
此生必睡高思雯
9:32 Loom
11:18 Loom
13:04 Feudal Age
14:13 Loom
15:48 Double-Bit Axe
20:01 Castle Age
23:07 Bow Saw
26:40 Wheelbarrow
30:29 Forging
30:23 Scale Mail Armor
30:54 Hand Cart
34:25 Iron Casting
41:29 Imperial Age
王力姑宝小儿心
6:36 Loom
9:18 Feudal Age
13:54 Fletching
25:05 Padded Archer Armor
30:51 Castle Age
30:54 Gold Mining
30:50 Double-Bit Axe
30:47 Horse Collar
30:54 Crossbowman
34:58 Thumb Ring
35:55 Ballistics
36:06 Bodkin Arrow
37:38 Leather Archer Armor
38:31 Wheelbarrow
39:15 Bow Saw
muelaluis19
10:08 Feudal Age
14:10 Double-Bit Axe
14:07 Horse Collar
Patt
12:56 Feudal Age
14:03 Double-Bit Axe
16:02 Arson
22:49 Castle Age
22:55 Scale Mail Armor
23:05 Forging
23:58 Chain Mail Armor
24:59 Bow Saw
24:32 Horse Collar
25:31 Gambesons
26:25 Gold Mining
30:41 Iron Casting
31:40 Wheelbarrow
33:07 Stone Mining
Connection lost

Rejoining the realm…

Still unreachable

The connection could not be restored.

Session expired

The server has moved on; the page needs a fresh start.